[Event "Thursday Night Engine Tour 9 rd Swiss 5m+1s Starts at 2200hrs"]
[Site "Infinity Chess"]
[Date "2018.4.26"]
[Round "2"]
[White "Vimtiroba"]
[Black "star99"]
[Result "1/2-1/2"]
[ECO "A20"]
[WhiteElo "2481"]
[BlackElo "2505"]
[WhiteEngine "AsmFish A25_CTG"]
[BlackEngine "Cryptic Heroes 9.4B"]
[EventType "Swiss"]
[WhiteTeam ""]
[BlackTeam ""]
[PlyCount "133"]
[TimeControl "300+1"]

1. c4 e5 2. Nf3 e4 3. Nd4 Nc6 4. e3 Nf6 5. Nc3 Bb4 6. Qb3 Bc5 7. Nde2 O-O 
8. a3 Bd6 9. Ng3 Re8 10. Qc2 Bxg3 11. hxg3 d6 12. d4 Bf5 13. Qb3 Rb8 14. Qd1 Ne7 
15. f3 h5 16. fxe4 Bg6 17. Be2 Bxe4 18. O-O Bg6 19. e4 Qd7 20. Bf3 a6 21. a4 Nc6 
22. Re1 a5 23. Bg5 Ng4 24. Nd5 f6 25. Bf4 Bf7 26. Qd2 b6 27. Qd1 Rbc8 
28. Qd3 Ne7 29. b3 Nxd5 30. cxd5 Re7 31. Re2 Rce8 32. Rc1 g5 33. Bd2 Kg7 
34. Qc4 Bg6 35. Rce1 Nh6 36. e5 dxe5 37. dxe5 Rxe5 38. Rxe5 Rxe5 39. Rxe5 fxe5 
40. Bxg5 Nf5 41. Qe4 Qd6 42. Bxh5 Bxh5 43. Qxf5 Bf7 44. g4 Bxd5 45. Bh4 e4 
46. Be1 Kg8 47. Bg3 Qxg3 48. Qxd5+ Kf8 49. Qxe4 Qxb3 50. Qd4 Qf7 51. Qh8+ Ke7 
52. g5 c5 53. Qh4 Qg6 54. Qf4 Qc6 55. Kh2 c4 56. g6 Qxg6 57. Qxc4 Kd8 58. g4 Ke7 
59. Qc8 Qd6+ 60. Kg1 Qf4 61. Qb7+ Ke8 62. Qxb6 Qc1+ 63. Kg2 Qc2+ 64. Kf1 Qxa4 
65. Qe6+ Kd8 66. g5 Qd1+ 67. Kg2 1/2-1/2

[Event "Thursday Night Engine Tour 9 rd Swiss 5m+1s Starts at 2200hrs"]
[Site "Infinity Chess"]
[Date "2018.4.26"]
[Round "2"]
[White "NINJA_JENGKA"]
[Black "KRAKEN"]
[Result "0-1"]
[ECO "D45"]
[WhiteElo "2507"]
[BlackElo "2558"]
[WhiteEngine "Houdini 6_CTG"]
[BlackEngine "Raubfisch ME262_GTZ17b2_CTG"]
[EventType "Swiss"]
[WhiteTeam ""]
[BlackTeam ""]
[PlyCount "170"]
[TimeControl "300+1"]

1. d4 d5 2. c4 e6 3. Nc3 Nf6 4. Nf3 c6 5. e3 Nbd7 6. Qc2 Bd6 7. Bd3 dxc4 
8. Bxc4 O-O 9. O-O b5 10. Be2 Bb7 11. e4 e5 12. dxe5 Nxe5 13. Rd1 Qc7 
14. g3 Rfe8 15. Bg5 Neg4 16. Rac1 Bc5 17. Bxf6 Bxf2+ 18. Kh1 gxf6 19. Nxb5 Qe7 
20. Nd6 Ne3 21. Qc3 c5 22. Nxe8 Rxe8 23. Rf1 Ng4 24. Nd2 Bd4 25. Qb3 Nf2+ 
26. Kg2 Rd8 27. Bf3 Qd7 28. Rxf2 Bxf2 29. Nc4 Bd4 30. Qd3 Qa4 31. a3 Qe8 
32. Rc2 Ba6 33. b3 Qe6 34. Qd2 Rb8 35. Na5 h5 36. b4 h4 37. Kh1 h3 38. Rc1 Rb6 
39. Qf4 cxb4 40. axb4 Kg7 41. Bg4 Be3 42. Bxe6 Bxf4 43. gxf4 fxe6 44. Nb3 Rxb4 
45. Nc5 Bb7 46. Nxb7 Rxb7 47. Kg1 a5 48. Rc3 a4 49. Rg3+ Kf7 50. Rxh3 Kg6 
51. Kg2 Rb4 52. e5 Rxf4 53. Rg3+ Kf5 54. exf6 Kxf6 55. Rg8 Rb4 56. Rf8+ Kg7 
57. Ra8 Rb2+ 58. Kf3 Ra2 59. Kf4 Kf6 60. Rf8+ Kg6 61. Kg3 Ra1 62. Rf2 a3 
63. Rg2 a2 64. Kh4+ Kf5 65. Rg5+ Ke4 66. Ra5 e5 67. Kh3 Kd4 68. Kg2 e4 
69. Ra8 e3 70. Ra4+ Kd3 71. Ra3+ Kd2 72. Ra8 e2 73. Rd8+ Kc3 74. Rc8+ Kb4 
75. Rb8+ Kc5 76. Rc8+ Kd6 77. Rd8+ Ke7 78. Rb8 Rg1+ 79. Kf3 e1=Q 80. Rb7+ Kf6 
81. Rb6+ Ke5 82. Rb5+ Kd4 83. Rb4+ Qxb4 84. h4 Qb7+ 85. Ke2 Qg2# 0-1

[Event "Thursday Night Engine Tour 9 rd Swiss 5m+1s Starts at 2200hrs"]
[Site "Infinity Chess"]
[Date "2018.4.26"]
[Round "1"]
[White "Satria_Ungu"]
[Black "Vimtiroba"]
[Result "1/2-1/2"]
[ECO "D30"]
[WhiteElo "2397"]
[BlackElo "2484"]
[WhiteEngine "Houdini 6_CTG"]
[BlackEngine "AsmFish A25_CTG"]
[EventType "Swiss"]
[WhiteTeam ""]
[BlackTeam ""]
[PlyCount "102"]
[TimeControl "300+1"]

1. d4 d5 2. c4 e6 3. Nf3 Nf6 4. Nc3 c6 5. e3 Nbd7 6. Qc2 Bd6 7. Bd3 dxc4 
8. Bxc4 O-O 9. O-O b5 10. Be2 Bb7 11. e4 e5 12. dxe5 Nxe5 13. Rd1 Qc7 
14. g3 Rfe8 15. Nd4 Bc5 16. Nf5 Bc8 17. Be3 Bxe3 18. Nxe3 Qe7 19. Rd2 a5 
20. Rad1 Bh3 21. Rd4 h5 22. f4 Neg4 23. Nxg4 Nxg4 24. Qd3 Qa7 25. Rd2 Rad8 
26. Bxg4 Bxg4 27. Kg2 Rxd4 28. Qxd4 Qxd4 29. Rxd4 c5 30. Rd2 b4 31. Na4 Rxe4 
32. Nxc5 Rc4 33. Nb3 a4 34. Nd4 Rc1 35. Nc2 b3 36. axb3 axb3 37. Nd4 Be6 
38. Nxe6 Rc2 39. Rf2 fxe6 40. Kf3 Kf7 41. Ke3 Rxf2 42. Kxf2 Kf6 43. h3 g6 
44. Kf3 e5 45. Ke4 exf4 46. Kxf4 g5+ 47. Ke4 h4 48. gxh4 gxh4 49. Kf4 Ke6 
50. Kg5 Kd5 51. Kxh4 Ke4 1/2-1/2

[Event "Thursday Night Engine Tour 9 rd Swiss 5m+1s Starts at 2200hrs"]
[Site "Infinity Chess"]
[Date "2018.4.26"]
[Round "1"]
[White "star99"]
[Black "incredible"]
[Result "1/2-1/2 "]
[ECO "A50"]
[WhiteElo "2507"]
[BlackElo "2463"]
[WhiteEngine "Cryptic Heroes 9.4B"]
[BlackEngine "Stockfish_x64_bmi2"]
[EventType "Swiss"]
[WhiteTeam ""]
[BlackTeam ""]
[PlyCount "214"]
[TimeControl "300+1"]

1. d4 Nf6 2. c4 c6 3. Nf3 d5 4. e3 e6 5. b3 Ne4 6. Bd3 Bb4+ 7. Nbd2 f5 
8. Ne5 Nd7 9. Nxd7 Bxd7 10. O-O O-O 11. Nf3 Be8 12. Ne5 Bd6 13. f3 Nf6 
14. Bb2 a5 15. c5 Bc7 16. Qc2 Bh5 17. Rf2 Nd7 18. Raf1 Nxe5 19. dxe5 Qg5 
20. Bd4 Qh6 21. f4 g5 22. Rb1 Rfb8 23. Rc1 Bd8 24. Kh1 Be7 25. Kg1 Qg7 
26. Kf1 Kh8 27. a4 Bg6 28. Rb1 g4 29. Qc3 Qh6 30. Kg1 Qf8 31. Rfb2 Qg7 
32. Kf2 h5 33. Ke1 h4 34. Rc2 h3 35. g3 Qf8 36. Kd1 Qd8 37. Rbb2 Be8 38. Rc1 Kg7 
39. Rbb1 Rc8 40. Qc2 Bg6 41. Ke2 Qd7 42. Qd2 Qe8 43. Rc3 Rcb8 44. Ra1 Qf8 
45. Rb1 Bf7 46. Qc2 Kg8 47. Qc1 Rc8 48. Ke1 Rab8 49. Ke2 Ra8 50. Rc2 Rcb8 
51. Kf2 Qc8 52. Qd1 Qd7 53. Be2 Rc8 54. Rc3 Bg6 55. Qc2 Be8 56. Rc1 Kg7 
57. Qd1 Bd8 58. Bd3 Qc7 59. Rb1 Bg6 60. Ke2 Qd7 61. Rbc1 Qe7 62. R3c2 Qf8 
63. Rb2 Rcb8 64. Qc2 Be7 65. Rbb1 Qd8 66. Kf2 Rc8 67. Qd1 Rcb8 68. Qd2 Qg8 
69. Rc2 Qe8 70. Ke2 Qd8 71. Rc3 Kg8 72. Qc2 Kg7 73. Kd2 Qf8 74. Kc1 Be8 
75. Kd1 Kh8 76. Kc1 Bd8 77. Qd2 b6 78. Rc2 Be7 79. Qc3 b5 80. b4 axb4 
81. Qxb4 Kg7 82. Kd1 Bd7 83. axb5 cxb5 84. Qd2 Bc6 85. Rcb2 Qe8 86. Qe2 Ra5 
87. Qc2 Qc8 88. Qd2 Ra4 89. Rb4 Bd8 90. Qc2 Rba8 91. R4b3 Rb8 92. Bxb5 Bxb5 
93. Rxb5 Rxb5 94. Rxb5 Qa6 95. Qb3 Kg6 96. Bb2 Kf7 97. Kc2 Rc4+ 98. Kb1 Ke8 
99. Bd4 Bc7 100. Rb7 Qa5 101. Qb5+ Qxb5+ 102. Rxb5 Kd7 103. Rb3 Ra4 104. Bc3 Kc6 
105. Bb4 Ra8 106. Kb2 Ra4 107. Kb1 Bd8 1/2-1/2

[Event "Thursday Night Engine Tour 9 rd Swiss 5m+1s Starts at 2200hrs"]
[Site "Infinity Chess"]
[Date "2018.4.26"]
[Round "1"]
[White "Dovahkiin"]
[Black "NINJA_JENGKA"]
[Result "1/2-1/2"]
[ECO "C50"]
[WhiteElo "2464"]
[BlackElo "2509"]
[WhiteEngine "BrainFish_180423_x64_modern_CTG"]
[BlackEngine "Houdini 6"]
[EventType "Swiss"]
[WhiteTeam ""]
[BlackTeam ""]
[PlyCount "228"]
[TimeControl "300+1"]

1. e4 e5 2. Nf3 Nc6 3. Bc4 Bc5 4. O-O Nf6 5. d3 d6 6. c3 O-O 7. Bg5 h6 8. Bh4 a6 
9. Bb3 Ba7 10. Nbd2 Be6 11. Re1 g5 12. Bg3 Bxb3 13. Qxb3 Rb8 14. Nf1 Nh5 
15. Rad1 Qf6 16. Qc2 Bb6 17. h3 Rbe8 18. Bh2 Nf4 19. Bxf4 exf4 20. d4 h5 
21. a4 Kh8 22. b4 g4 23. hxg4 hxg4 24. N3h2 Rg8 25. a5 Ba7 26. g3 f3 27. Ne3 Qh6 
28. e5 Nxe5 29. Qf5 Qh3 30. Qf6+ Kh7 31. Qh4+ Qxh4 32. gxh4 g3 33. fxg3 Rxg3+ 
34. Kf2 Rh3 35. Nhg4 Nxg4+ 36. Nxg4 Re2+ 37. Rxe2 fxe2 38. Rc1 e1=B+ 
39. Kxe1 Rxh4 40. Nf2 Kg7 41. Ke2 Bb8 42. Rg1+ Kf8 43. Ng4 c6 44. Nf6 Rh8 
45. Nd7+ Ke7 46. Nxb8 Rxb8 47. Rh1 Rg8 48. Rh6 Rg3 49. Kd2 Rg7 50. Ke3 Kd7 
51. Kd3 Rg3+ 52. Kc2 Re3 53. Kd2 Re6 54. Rh8 Re8 55. Rh6 Rg8 56. Kc2 d5 
57. Kd3 Ke7 58. Ke3 Rb8 59. Ke2 Kd7 60. Rf6 Re8+ 61. Kd3 Ke7 62. Rh6 Rf8 
63. Kd2 Rd8 64. Ke3 Rc8 65. Kd2 Ra8 66. Ke2 Kd7 67. Rf6 Ke7 68. Rh6 Kd7 
69. Rf6 Re8+ 70. Kd2 Re7 71. Rh6 Re6 72. Rh8 Kd6 73. Rd8+ Kc7 74. Rh8 Re4 
75. Rh7 Re7 76. Rh6 f5 77. Rf6 Rh7 78. Rxf5 Rh2+ 79. Kc1 Kd7 80. Rf7+ Kc8 
81. Rf6 Kc7 82. Rf7+ Kc8 83. Rf5 Kc7 84. Rf6 Rh1+ 85. Kd2 Rh2+ 86. Kc1 Rh1+ 
87. Kc2 Rh2+ 88. Kb3 Rh7 89. Rf5 Kd6 90. Rf1 Ke6 91. Rf8 Kd6 92. Rf3 Re7 
93. Rf5 Rh7 94. Re5 Rg7 95. Kc2 Rg2+ 96. Kc1 Rg7 97. Rf5 Rg3 98. Kc2 Ke6 
99. Rh5 Rg7 100. Rh6+ Kf5 101. Rh3 Ke4 102. Rh4+ Kf5 103. Kd3 Rg3+ 104. Kc2 Rg7 
105. Kd3 Rg3+ 106. Kc2 Rg2+ 107. Kb3 Rg7 108. Ka3 Rg2 109. Kb3 Rg7 110. Rh3 Ke4 
111. Rh6 Kd3 112. Rh3+ Ke4 113. Rh6 Kd3 114. Rh3+ Ke4 1/2-1/2

[Event "Thursday Night Engine Tour 9 rd Swiss 5m+1s Starts at 2200hrs"]
[Site "Infinity Chess"]
[Date "2018.4.26"]
[Round "1"]
[White "KRAKEN"]
[Black "ocirema"]
[Result "1/2-1/2"]
[ECO "D12"]
[WhiteElo "2562"]
[BlackElo "2465"]
[WhiteEngine "Raubfisch ME262_GTZ17b2_CTG"]
[BlackEngine "asmFishW_2018-04-24_popcnt"]
[EventType "Swiss"]
[WhiteTeam ""]
[BlackTeam ""]
[PlyCount "97"]
[TimeControl "300+1"]

1. d4 d5 2. c4 c6 3. Nf3 Nf6 4. e3 Bf5 5. Nc3 e6 6. Nh4 Be4 7. f3 Bg6 8. Qb3 Qc7 
9. Bd2 Be7 10. g3 O-O 11. g4 Nbd7 12. g5 dxc4 13. Bxc4 Nd5 14. Nxg6 hxg6 
15. f4 Rac8 16. h4 N7b6 17. h5 gxh5 18. Rxh5 g6 19. Rh1 Nxc4 20. Qxc4 Kg7 
21. O-O-O b5 22. Qd3 Nxc3 23. Qxc3 b4 24. Qc2 Rh8 25. Kb1 Rxh1 26. Rxh1 Qd7 
27. b3 a5 28. Bc1 Rh8 29. Re1 Kf8 30. Bb2 Rh3 31. Qg2 Rh5 32. Rc1 Qd5 
33. Qxd5 cxd5 34. Rc8+ Kg7 35. Re8 Bxg5 36. fxg5 Rxg5 37. Rc8 Rg1+ 38. Rc1 Rg2 
39. Rc5 g5 40. e4 f5 41. exd5 exd5 42. Rxd5 f4 43. Rc5 Kf6 44. d5+ Ke7 
45. Rxa5 Rg1+ 46. Kc2 Rg2+ 47. Kb1 Rg1+ 48. Kc2 Rg2+ 49. Kb1 1/2-1/2

[Event "Thursday Night Engine Tour 9 Rd Swiss 5m+1s Starts at 2200hrs ST"]
[Site "Infinity Chess"]
[Date "2018.4.13"]
[Round "9"]
[White "TasicV"]
[Black "OlivierEvan"]
[Result "1-0"]
[ECO "B28"]
[WhiteElo "2446"]
[BlackElo "2444"]
[WhiteEngine "stockfish_9_x64_popcnt_CTG"]
[BlackEngine "Houdini 6"]
[EventType "Swiss"]
[WhiteTeam ""]
[BlackTeam ""]
[PlyCount "191"]
[TimeControl "300+1"]

1. e4 c5 2. Nf3 a6 3. Nc3 d6 4. d4 cxd4 5. Nxd4 Nf6 6. Be3 e5 7. Nb3 Be7 
8. Be2 Be6 9. Qd3 O-O 10. O-O Nbd7 11. Nd5 Bxd5 12. exd5 Ne8 13. a4 f5 14. f4 g6 
15. fxe5 Nxe5 16. Qd2 Rc8 17. Nd4 Ng7 18. b3 Bf6 19. c4 Nd7 20. a5 Re8 
21. Rae1 Nc5 22. b4 Ne4 23. Qd3 Qc7 24. Kh1 Bh4 25. Rc1 Qe7 26. Bg1 h5 
27. Rc2 Kh7 28. g3 Bf6 29. Bf3 Qd7 30. Ne2 Qa4 31. Rb1 Re5 32. Nf4 Ng5 
33. Bg2 Ne4 34. c5 Bg5 35. Rc4 Qb5 36. Rd1 h4 37. Nh3 Bf6 38. g4 Rce8 
39. Qc2 Ng5 40. Nxg5+ Bxg5 41. Bf1 fxg4 42. Rxg4 Qd7 43. Qg2 Qf7 44. cxd6 Bf6 
45. Bd3 Nf5 46. Be4 Rxe4 47. Rxe4 Nxd6 48. Rxe8 Qxe8 49. Bc5 Qe5 50. Qg4 Ne4 
51. Qd7+ Kh8 52. Qc8+ Kh7 53. Qxb7+ Kh6 54. Bf8+ Kg5 55. Qa7 Ng3+ 56. hxg3 hxg3 
57. Bc5 Qe2 58. Be3+ Kg4 59. Rd4+ Bxd4 60. Qxd4+ Kh3 61. Qh8+ Kg4 62. Qc8+ Kf3 
63. Qf8+ Ke4 64. Qf4+ Kxd5 65. Qd4+ Ke6 66. Qe4+ Kf7 67. Qd5+ Ke7 68. Bc5+ Ke8 
69. Qg8+ Kd7 70. Qh7+ Kc6 71. Qxg6+ Kb5 72. Qxg3 Qh5+ 73. Kg2 Qe2+ 74. Kg1 Ka4 
75. Qc3 Qd3 76. Qf6 Qe2 77. Qc6+ Kb3 78. b5 Qd1+ 79. Kf2 Qd2+ 80. Kf3 Qc3+ 
81. Kg4 Qc4+ 82. Kg3 axb5 83. a6 Ka4 84. a7 Qg8+ 85. Kf4 Qf7+ 86. Ke5 Qg7+ 
87. Kd6 Qg3+ 88. Kd7 Qg7+ 89. Kd8 Qh8+ 90. Kc7 Kb3 91. a8=Q Qe5+ 92. Kb6 Qxc5+ 
93. Qxc5 b4 94. Qf3+ Ka2 95. Qcf2+ Ka1 96. Qd1# 1-0

[Event "Thursday Night Engine Tour 9 Rd Swiss 5m+1s Starts at 2200hrs ST"]
[Site "Infinity Chess"]
[Date "2018.4.13"]
[Round "9"]
[White "RonWeasley"]
[Black "Deep_Impact"]
[Result "1/2-1/2"]
[ECO "D30"]
[WhiteElo "2500"]
[BlackElo "2508"]
[WhiteEngine "BrainFish 090218_CTG"]
[BlackEngine "asmFishW_2018-04-07_bmi2"]
[EventType "Swiss"]
[WhiteTeam ""]
[BlackTeam ""]
[PlyCount "83"]
[TimeControl "300+1"]

1. d4 d5 2. c4 e6 3. Nf3 Nf6 4. Nc3 c6 5. Bg5 h6 6. Bxf6 Qxf6 7. e3 Nd7 
8. Be2 g6 9. O-O Bg7 10. e4 dxe4 11. Nxe4 Qf4 12. Qc2 f5 13. Ned2 c5 14. g3 Qc7 
15. Nh4 Bxd4 16. Nxg6 Rg8 17. Nh4 Nf6 18. Ndf3 Rxg3+ 19. hxg3 Qxg3+ 20. Ng2 Ng4 
21. Qd2 Bxf2+ 22. Rxf2 Qxf2+ 23. Kh1 Bd7 24. Ne5 O-O-O 25. Nxg4 fxg4 26. Rd1 h5 
27. b3 b6 28. Qd3 Qf5 29. Kg1 Qxd3 30. Rxd3 Be8 31. Kf2 Rxd3 32. Bxd3 Kd8 
33. Kg3 Ke7 34. Nf4 Kf6 35. Kh4 Ke5 36. Ne2 Bf7 37. Bc2 Be8 38. Bd3 Bf7 
39. Kg3 Kf6 40. Kh4 Be8 41. Ng3 Ke5 42. Ne2 1/2-1/2

[Event "Thursday Night Engine Tour 9 Rd Swiss 5m+1s Starts at 2200hrs ST"]
[Site "Infinity Chess"]
[Date "2018.4.13"]
[Round "9"]
[White "Vimtiroba"]
[Black "Arch Stanton"]
[Result "1/2-1/2"]
[ECO "C50"]
[WhiteElo "2532"]
[BlackElo "2514"]
[WhiteEngine "SF9 ''A5''_CTG"]
[BlackEngine "stockfish_18041209_x64_bmi2_CTG"]
[EventType "Swiss"]
[WhiteTeam ""]
[BlackTeam ""]
[PlyCount "121"]
[TimeControl "300+1"]

1. e4 e5 2. Nf3 Nc6 3. Bc4 Bc5 4. O-O Nf6 5. d3 d6 6. c3 a5 7. Re1 O-O 
8. Nbd2 Be6 9. Bb5 Ne7 10. d4 Ba7 11. h3 Ng6 12. Ba4 Nh5 13. Nf1 Nhf4 
14. Ng3 exd4 15. cxd4 d5 16. Bc2 c6 17. Bxf4 Nxf4 18. Qd2 dxe4 19. Nxe4 Ng6 
20. Neg5 Bd5 21. Bxg6 hxg6 22. Qf4 f6 23. Ne6 Bxe6 24. Rxe6 Qd7 25. Rae1 Rfe8 
26. R6e4 Bb6 27. h4 a4 28. g3 Ba5 29. R1e3 Rad8 30. b3 axb3 31. Rxb3 b5 
32. Qe3 Rxe4 33. Qxe4 Kf7 34. Ra3 Re8 35. Qd3 Bb6 36. Kg2 Rc8 37. Ra6 Qb7 
38. Qb3+ Kf8 39. Ra3 Qd7 40. Qc2 Kf7 41. Rc3 Qd5 42. a4 b4 43. Rc4 c5 
44. Qb3 Ba5 45. Kg1 Kg8 46. Nd2 Kh7 47. h5 gxh5 48. Qc2+ Kh6 49. Rxc5 Rxc5 
50. Qxc5 Qa2 51. Nc4 Qb1+ 52. Kh2 Qc2 53. Nxa5 Qxf2+ 54. Kh3 Qf1+ 55. Kh2 Qf2+ 
56. Kh3 b3 57. Nxb3 Qf1+ 58. Kh2 Qf2+ 59. Kh3 Qf1+ 60. Kh2 Qf2+ 61. Kh3 1/2-1/2

[Event "Thursday Night Engine Tour 9 Rd Swiss 5m+1s Starts at 2200hrs ST"]
[Site "Infinity Chess"]
[Date "2018.4.13"]
[Round "9"]
[White "BlitzMaster"]
[Black "Time_bandit"]
[Result "1/2-1/2"]
[ECO "C55"]
[WhiteElo "2558"]
[BlackElo "2563"]
[WhiteEngine "asmFishW_2018-04-11_popcnt"]
[BlackEngine "asmFishW_2018-02-02_popcnt"]
[EventType "Swiss"]
[WhiteTeam ""]
[BlackTeam ""]
[PlyCount "202"]
[TimeControl "300+1"]

1. e4 e5 2. Nf3 Nc6 3. Bc4 Nf6 4. d3 Bc5 5. c3 d6 6. O-O a5 7. Re1 O-O 8. h3 h6 
9. Nbd2 Be6 10. a4 Bb6 11. Bxe6 fxe6 12. Nc4 Bc5 13. Be3 Bxe3 14. Rxe3 Qd7 
15. Qb3 Nh5 16. Qb5 Rf7 17. d4 exd4 18. cxd4 Nf4 19. Rc1 Nb4 20. Qxd7 Rxd7 
21. Rd1 g5 22. Rd2 Ng6 23. g3 b6 24. Kg2 Rf8 25. Rc3 Na2 26. Ra3 Nb4 27. Rc3 Na2 
28. Rb3 Nb4 29. Ne1 Ne7 30. Rc3 Na2 31. Rf3 Nb4 32. Rc3 Na2 33. Ra3 Nb4 
34. Ne3 Kg7 35. Rc3 Na2 36. Rb3 Nb4 37. Nf3 Ng6 38. Ne1 Ne7 39. Rc3 Na2 
40. Rcc2 Nb4 41. Rc4 Nec6 42. Rc3 Nb8 43. Nf3 Rdf7 44. Nc4 Nd7 45. Re2 Kh7 
46. Na3 Nb8 47. Rd2 Na2 48. Re3 Nb4 49. b3 N8a6 50. Nc4 Nb8 51. Na3 N8a6 
52. Nb5 Rg7 53. Nc3 Rgf7 54. g4 Rg8 55. Kg3 Nb8 56. Nb5 N8a6 57. Nc3 Nb8 
58. Nb5 N8a6 59. h4 gxh4+ 60. Kxh4 Rg6 61. Ng1 d5 62. e5 Rfg7 63. Rg3 Rf7 
64. Rf3 Rfg7 65. Rg3 Rf7 66. Nh3 c5 67. f4 Nc6 68. Rc3 Rg8 69. Rc1 Rgg7 
70. Kh5 Rf8 71. Rdd1 Rfg8 72. Rg1 Rg6 73. g5 Rf8 74. Rcd1 cxd4 75. Nxd4 Nxd4 
76. Rxd4 Nc5 77. b4 Ne4 78. bxa5 bxa5 79. Rdd1 hxg5 80. Nxg5+ Nxg5 81. Rxg5 Rh6+ 
82. Kg4 Rc8 83. f5 Rc4+ 84. Kf3 exf5 85. Rxd5 Rxa4 86. Rd7+ Kh8 87. Rxf5 Kg8 
88. Re7 Rb6 89. Kg2 Ra2+ 90. Kg3 Rg6+ 91. Kf3 Rb6 92. e6 Rb3+ 93. Kg4 Rg2+ 
94. Kh4 Rb4+ 95. Kh3 Rg6 96. Re8+ Kh7 97. e7 Rb3+ 98. Kh4 Rb4+ 99. Kh3 Rb3+ 
100. Kh2 Rb2+ 101. Kh3 Rb3+ 1/2-1/2

[Event "Thursday Night Engine Tour 9 Rd Swiss 5m+1s Starts at 2200hrs ST"]
[Site "Infinity Chess"]
[Date "2018.4.13"]
[Round "9"]
[White "MCDermont"]
[Black "localhero"]
[Result "1/2-1/2"]
[ECO "C55"]
[WhiteElo "2586"]
[BlackElo "2510"]
[WhiteEngine "BrainFish 090218"]
[BlackEngine "asmFishW_2017-10-04_popcnt"]
[EventType "Swiss"]
[WhiteTeam ""]
[BlackTeam ""]
[PlyCount "238"]
[TimeControl "300+1"]

1. e4 e5 2. Nf3 Nc6 3. Bc4 Nf6 4. d3 Bc5 5. c3 d6 6. O-O a5 7. Nbd2 O-O 
8. Re1 h6 9. Nf1 a4 10. h3 Ra5 11. Ng3 Bb6 12. Rb1 Be6 13. Bxe6 fxe6 
14. Be3 Bxe3 15. Rxe3 Nh7 16. Qe2 Rf7 17. Rd1 Nf8 18. d4 Ng6 19. Qd2 Ra8 
20. Ne2 b5 21. b4 axb3 22. axb3 Qe8 23. dxe5 Ncxe5 24. Nxe5 Nxe5 25. f4 Nd7 
26. e5 d5 27. b4 c5 28. Kh2 Nb6 29. Rf3 Nc4 30. Qe1 cxb4 31. cxb4 Kh7 
32. Nd4 Rfa7 33. Rg3 g6 34. Qe2 Rg7 35. Re1 Qe7 36. Rb3 Qe8 37. Qf2 Rga7 
38. Qh4 Rb7 39. Rg3 Qf7 40. Re2 Ra6 41. Rd3 Qf8 42. Qg4 Qf7 43. h4 Rb8 
44. h5 Rg8 45. Qf3 Raa8 46. Nxb5 Raf8 47. Nd4 Qxf4+ 48. Qxf4 Rxf4 49. Nxe6 Rh4+ 
50. Kg1 Re8 51. hxg6+ Kxg6 52. Rg3+ Kh7 53. Nc7 Rxe5 54. Rxe5 Nxe5 55. Nxd5 h5 
56. Re3 Nc4 57. Rd3 Ne5 58. Re3 Nc4 59. Rd3 Ne5 60. Rb3 Rd4 61. Ne3 Nd7 
62. b5 Nb6 63. Rc3 Rb4 64. Rc7+ Kg8 65. Rb7 Rb1+ 66. Kh2 Na4 67. Nd5 Kf8 
68. Nf6 Rb4 69. Nd7+ Ke7 70. Nc5+ Kf6 71. Nxa4 Rxa4 72. b6 Kg6 73. Rb8 Rb4 
74. b7 Kg7 75. Kg3 h4+ 76. Kh3 Rb3+ 77. Kxh4 Rb2 78. Kg3 Rb1 79. Kf2 Rb2+ 
80. Ke3 Rb1 81. Kd4 Rb5 82. Kd3 Rb2 83. Kc3 Rb6 84. g4 Rb5 85. Kd4 Rb1 
86. Kc5 Rc1+ 87. Kb5 Rb1+ 88. Kc5 Rc1+ 89. Kb4 Rb1+ 90. Kc3 Rb6 91. Kd4 Rb1 
92. Kd5 Rd1+ 93. Kc4 Rb1 94. Kd5 Rd1+ 95. Kc4 Rb1 96. Kc3 Rb5 97. Kd2 Rb1 
98. Kd3 Rb3+ 99. Kc2 Rb5 100. Kc3 Rb1 101. Kc2 Rb5 102. Kd2 Rb3 103. Ke2 Rb2+ 
104. Kd1 Kh7 105. Kc1 Rb3 106. Kc2 Rb5 107. Kd1 Kg7 108. Ke2 Rb2+ 109. Kf3 Rb3+ 
110. Ke4 Rb4+ 111. Ke5 Rb5+ 112. Ke6 Rb1 113. g5 Rb6+ 114. Kf5 Rb4 115. Rc8 Rxb7 
116. Ke5 Kg6 117. Rg8+ Kh7 118. Rf8 Rb1 119. Kd4 Rb5 1/2-1/2

[Event "Thursday Night Engine Tour 9 Rd Swiss 5m+1s Starts at 2200hrs ST"]
[Site "Infinity Chess"]
[Date "2018.4.13"]
[Round "9"]
[White "xeonrocks"]
[Black "ocirema"]
[Result "1-0 "]
[ECO "C55"]
[WhiteElo "2595"]
[BlackElo "2505"]
[WhiteEngine "Stockfish_20180407_x64_bmi2_CTG"]
[BlackEngine "asmFishW_2018-04-11_popcnt"]
[EventType "Swiss"]
[WhiteTeam ""]
[BlackTeam ""]
[PlyCount "205"]
[TimeControl "300+1"]

1. e4 e5 2. Nf3 Nc6 3. Bc4 Nf6 4. d3 Bc5 5. c3 d6 6. O-O a5 7. Re1 Ba7 
8. Nbd2 O-O 9. h3 h6 10. Nf1 Be6 11. Bb5 Ne7 12. Ng3 c6 13. Ba4 b5 14. Bc2 a4 
15. d4 Ng6 16. b3 axb3 17. axb3 Qc7 18. Be3 Bb6 19. Qd2 Rfb8 20. Nf5 Rxa1 
21. Rxa1 Bxf5 22. exf5 Nf8 23. Bxh6 gxh6 24. Qxh6 Qe7 25. Qg5+ Kh8 26. Qh4+ Kg8 
27. Qg3+ Kh8 28. Qh4+ Kg8 29. Re1 Bc7 30. Qg5+ Kh8 31. Qh6+ N8h7 32. Ng5 Qf8 
33. Qh4 Qg8 34. Nxh7 Nxh7 35. f6 Bd8 36. dxe5 dxe5 37. Qh6 Ra8 38. Bf5 Bxf6 
39. Bxh7 Qg5 40. Qxg5 Bxg5 41. Bd3 f6 42. Be4 Ra3 43. Rb1 c5 44. c4 b4 
45. g3 Bd2 46. Rd1 Ra2 47. h4 Kg8 48. g4 Kf8 49. h5 Rb2 50. Kf1 Ke7 51. Bf5 Kf8 
52. Kg2 Kg7 53. Ra1 Rxb3 54. Ra7+ Kg8 55. Ra8+ Kg7 56. Ra7+ Kg8 57. Ra5 Rc3 
58. Rxc5 b3 59. Rc8+ Kg7 60. Rc7+ Kg8 61. c5 b2 62. c6 Rc4 63. Rd7 Ba5 
64. h6 Rxg4+ 65. Kh3 Rg5 66. Bc2 Rh5+ 67. Kg4 Rxh6 68. c7 Bxc7 69. Rxc7 Rh2 
70. Kg3 Rh5 71. Rb7 f5 72. Rxb2 Kg7 73. f3 Kf7 74. Rb6 Kg7 75. Rb8 Kf6 
76. Rf8+ Ke6 77. Bd3 Rh1 78. Bxf5+ Kd6 79. Rc8 Rg1+ 80. Kh4 Rg2 81. Be4 Ke7 
82. Rc5 Kf6 83. f4 Rh2+ 84. Kg3 Re2 85. Rxe5 Re1 86. Re8 Rg1+ 87. Kf2 Rc1 
88. f5 Ra1 89. Re6+ Kf7 90. Rb6 Ra5 91. Ke3 Rc5 92. Kd4 Rc8 93. Bd5+ Kg7 
94. Rg6+ Kh7 95. Ke5 Rc3 96. Rg4 Rh3 97. f6 Rh5+ 98. Ke6 Rh2 99. f7 Rf2 
100. Be4+ Kh6 101. Bf5 Kh5 102. f8=R Re2+ 103. Kf6 1-0

[Event "Thursday Night Engine Tour 9 Rd Swiss 5m+1s Starts at 2200hrs ST"]
[Site "Infinity Chess"]
[Date "2018.4.13"]
[Round "9"]
[White "star99"]
[Black "Victorious"]
[Result "1/2-1/2 "]
[ECO "D30"]
[WhiteElo "2513"]
[BlackElo "2599"]
[WhiteEngine "Cryptic Heroes 9.4B"]
[BlackEngine "Cfish_x64_060418_LTO_popcnt"]
[EventType "Swiss"]
[WhiteTeam ""]
[BlackTeam ""]
[PlyCount "211"]
[TimeControl "300+1"]

1. d4 d5 2. c4 e6 3. Nf3 Nf6 4. Nc3 c6 5. e3 Nbd7 6. h3 Be7 7. cxd5 exd5 
8. Bd3 O-O 9. O-O b6 10. b3 Bd6 11. Re1 Bb7 12. Qc2 Re8 13. e4 Nxe4 
14. Nxe4 dxe4 15. Bxe4 h6 16. Bh7+ Kh8 17. Bb2 Qc7 18. Bd3 Rad8 19. Rac1 Nf6 
20. Ne5 Re7 21. Qe2 Kg8 22. Bc4 Rde8 23. f4 Qd8 24. Rf1 b5 25. Bd3 Bc7 
26. Kh2 Bb6 27. Rcd1 Qd6 28. Qf2 Nd5 29. Qf3 b4 30. Bc4 a5 31. Bd3 Nf6 
32. Bc4 Nd5 33. Bd3 Rd8 34. Rde1 Rde8 35. Rc1 Bc7 36. Bb1 Nf6 37. Qg3 Rd8 
38. Rc5 Qe6 39. Rcc1 Qd6 40. Rc4 Nd5 41. Qd3 Nf6 42. Qg3 Nd5 43. Qd3 Nf6 
44. Qf3 Qe6 45. Qg3 Rde8 46. Rc5 Rd8 47. Qf2 Rde8 48. Qc2 Bb6 49. Rc4 Qd6 
50. Qf2 Nd5 51. Qf3 Nf6 52. Qf2 Qd5 53. Rfc1 Nd7 54. Qe2 Nf6 55. Bd3 Qd8 
56. Rd1 Bc7 57. Rcc1 Nd5 58. Qe4 Nf6 59. Qe2 Nd5 60. Qe4 Nf6 61. Qe1 Nd5 
62. Qg3 Qd6 63. Kh1 Ra8 64. Rf1 Rd8 65. Bb1 Rde8 66. Rc5 Rd8 67. Qd3 Nf6 
68. Qc2 Qe6 69. Kh2 Ree8 70. Rc4 Bb6 71. Nxc6 Bxc6 72. Rxc6 Qe2 73. Qxe2 Rxe2 
74. Rxb6 Rxb2 75. Ra6 Rd2 76. f5 Nd5 77. Rxa5 Nc3 78. Re1 Nxb1 79. Rxb1 R8xd4 
80. a4 bxa3 81. Rxa3 Rf4 82. Ra5 Kh7 83. b4 Rff2 84. Rg1 Rd4 85. Rb1 Rdd2 
86. Kg3 Rxg2+ 87. Kf4 h5 88. b5 Rgf2+ 89. Ke3 Rfe2+ 90. Kf4 Rd4+ 91. Kf3 Rdd2 
92. Rb3 Re5 93. Ra4 Rxf5+ 94. Rf4 Rxf4+ 95. Kxf4 Rd5 96. Ke4 Rd8 97. h4 f6 
98. b6 g5 99. b7 Re8+ 100. Kd3 Rb8 101. hxg5 fxg5 102. Rb6 g4 103. Ke4 h4 
104. Kf4 g3 105. Kf3 g2 106. Kxg2 1/2-1/2